 Dungeon Sprint DCSS version 0.18-a0-1788-g92de1ac (webtiles) character file.

3562 Kidiri the Spear-Bearer (level 10, -10/82 HPs)
             Began as a Merfolk Fighter on Apr 20, 2016.
             Was a High Priest of Okawaru.
             Mangled by a catoblepas (14 damage)
             ... in the Dungeon (Sprint IX: "|||||||||||||||||||||||||||||").
             The game lasted 00:06:47 (2345 turns).

Kidiri the Spear-Bearer (Merfolk Fighter)           Turns: 2345, Time: 00:06:48

Health: -10/82     AC: 12    Str: 22    XL:     10   Next: 9%
Magic:  8/13       EV:  2    Int: 10    God:    Okawaru [*****.]
Gold:   22         SH:  0    Dex: 15    Spells: 0 memorised, 9 levels left

rFire  + . .     SeeInvis .     a - +0 trident
rCold  . . .     Gourm    .     b - +1 scale mail {rF+}
rNeg   + + +     Faith    .     c - +0 shield
rPois  ∞         Spirit   .     (no helmet)
rElec  .         Dismiss  .     (no cloak)
rCorr  .         Reflect  .     (no gloves)
SustAt .         Harm     .     p - +2 pair of boots
MR     .....     NoTele   +     (no amulet)
Stlth  ..........               r - +3 ring of strength
                                q - +3 ring of intelligence

@: petrified, finesse, not resistant to hostile enchantments, extremely
unstealthy
A: change form in water, swift swim
a: Heroism, Finesse, Renounce Religion


You were in the Dungeon.
You worshipped Okawaru.
Okawaru was extremely pleased with you.
You were not hungry.

You visited 1 branch You collected 22 gold pieces.

Inventory:

Hand Weapons
 a - a +0 trident (weapon)
Armour
 b - a +1 scale mail of fire resistance (worn)
 c - a +0 shield (worn)
 p - a +2 pair of boots (worn)
Jewellery
 q - a +3 ring of intelligence (left hand)
 r - a +3 ring of strength (right hand)
Wands
 g - a wand of random effects (30/48)
 o - a wand of acid (4/15)
Scrolls
 k - a scroll of blinking
 m - 3 scrolls of remove curse
 n - 2 scrolls of amnesia
 t - 2 scrolls of recharging
 v - a scroll of fog
Potions
 d - 3 potions of might
 e - 2 potions of curing
 h - 2 potions of haste
 i - 4 potions of magic
 j - a potion of lignification {unknown}
 l - a potion of invisibility
 s - a potion of brilliance


   Skills:
 + Level 8.9 Fighting
 * Level 14.7 Polearms
 * Level 8.7 Armour
 * Level 13.4 Dodging
 * Level 11.1 Shields
 + Level 4.3 Invocations


You had 9 spell levels left.
You didn't know any spells.

Dungeon Overview and Level Annotations

Branches:
Dungeon (1/1)

Altars:
Cheibriados
Dithmenos
Elyvilon
Fedhas
Gozag
Kikubaaqudgha
Makhleb
Nemelex Xobeh
Okawaru
Pakellas
Qazlal
Ru
Sif Muna
Trog
Vehumet
Xom
Yredelemnul
Zin
The Shining One
Beogh
Jiyva
Lugonu


Message History

You puncture the catoblepas!
The catoblepas is heavily wounded.
You are engulfed in calcifying dust.
Your limbs have turned to stone.
You have turned to stone.
You are engulfed in calcifying dust.
The catoblepas gores you.
You are engulfed in calcifying dust.
The catoblepas gores you!
The catoblepas gores you but does no damage. x2
The catoblepas gores you!!
* * * LOW HITPOINT WARNING * * *
You feel like a meek peon again. The catoblepas gores you!!
* * * LOW HITPOINT WARNING * * *
The catoblepas breathes a plume of calcifying dust at you.
The blast of calcifying dust hits you!
* * * LOW HITPOINT WARNING * * *
You are engulfed in calcifying dust.
The catoblepas breathes a plume of calcifying dust at you.
The blast of calcifying dust hits you!
You are engulfed in calcifying dust.
The catoblepas gores you!!
You die...

▓▓▓▓▓▓▓▓▓▓▓▓▓▓▓▓▓▓▓▓▓▓
____'.....).....)(..<▓
▓▓▓▓▓▓▓▓▓▓▓▓▓▓▓▓▓▓▓▓▓▓
.....................▓
▓▓▓▓▓▓▓▓▓▓▓▓▓▓▓▓▓▓▓▓.▓
S.....|......SSY@§§..▓
▓▓▓▓▓▓▓▓▓▓▓▓▓▓▓▓▓▓▓▓▓▓


You could see a catoblepas, a black mamba and a water moccasin.

Vanquished Creatures
  2 black mambas (D)
  A spiny frog (D)
  4 komodo dragons (D)
  A troll (D)
  2 hippogriffs (D)
  A hungry ghost (D)
  Grum (D)
  A water moccasin (D)
  A phantom (D)
  A wasp (D)
  2 wolves (D)
  A crocodile (D)
  A big kobold (D)
  4 giant frogs (D)
  A scorpion (D)
  3 iguanas (D)
  A worker ant (D)
  An adder (D)
  An orc (D)
  A bat (D)
  A bat skeleton (D)
  A goblin (D)
  A ball python zombie (D)
  A giant gecko zombie (D)
  A jackal skeleton (D)
  2 kobolds (D)
  A rat (D)
39 creatures vanquished.

Notes
Turn   | Place    | Note
--------------------------------------------------------------
     0 | D        | Kidiri the Merfolk Fighter began the quest for the Orb.
     0 | D        | Reached XP level 1. HP: 18/18 MP: 1/1
    10 | D        | Reached skill level 1 in Dodging
   120 | D        | Reached XP level 2. HP: 23/24 MP: 2/2
   130 | D        | Reached skill level 4 in Polearms
   369 | D        | Found a glowing silver altar of Zin.
   369 | D        | Found a glowing golden altar of the Shining One.
   369 | D        | Found an ancient bone altar of Kikubaaqudgha.
   369 | D        | Found a basalt altar of Yredelemnul.
   369 | D        | Found a shimmering altar of Xom.
   369 | D        | Found a radiant altar of Vehumet.
   370 | D        | Found an iron altar of Okawaru.
   371 | D        | Found a burning altar of Makhleb.
   372 | D        | Found a deep blue altar of Sif Muna.
   373 | D        | Found a bloodstained altar of Trog.
   374 | D        | Found a sparkling altar of Nemelex Xobeh.
   375 | D        | Found a white marble altar of Elyvilon.
   376 | D        | Found a roughly hewn altar of Beogh.
   377 | D        | Found a viscous altar of Jiyva.
   378 | D        | Became a worshipper of Warmaster Okawaru
   379 | D        | Found a corrupted altar of Lugonu.
   380 | D        | Found a blossoming altar of Fedhas.
   381 | D        | Found a snail-covered altar of Cheibriados.
   382 | D        | Found a shadowy altar of Dithmenos.
   383 | D        | Found a stormy altar of Qazlal.
   384 | D        | Found an opulent altar of Gozag.
   385 | D        | Found a sacrificial altar of Ru.
   386 | D        | Found an oddly glowing altar of Pakellas.
   403 | D        | Got the +2 halberd "Banisher" {chop, Fragile rPois rF- Str+7}
   432 | D        | Noticed a hippogriff
   432 | D        | Noticed a giant frog
   432 | D        | Noticed a phantom
   432 | D        | Noticed a scorpion
   447 | D        | Reached skill level 5 in Polearms
   447 | D        | Reached skill level 1 in Invocations
   447 | D        | Reached XP level 3. HP: 30/30 MP: 3/3
   464 | D        | Killed a scorpion
   464 | D        | Reached skill level 6 in Polearms
   464 | D        | Reached XP level 4. HP: 25/38 MP: 3/5
   471 | D        | Reached skill level 5 in Dodging
   471 | D        | Reached skill level 5 in Shields
   471 | D        | Reached XP level 5. HP: 20/43 MP: 4/6
   497 | D        | Killed a phantom
   497 | D        | Reached * piety under Okawaru
   497 | D        | Reached skill level 5 in Fighting
   497 | D        | Reached skill level 7 in Polearms
   504 | D        | Reached skill level 8 in Polearms
   504 | D        | Reached XP level 6. HP: 38/51 MP: 4/8
   508 | D        | Killed a hippogriff
   508 | D        | Reached skill level 9 in Polearms
   508 | D        | Reached skill level 5 in Armour
   580 | D        | Noticed a troll
   580 | D        | Noticed a wasp
   580 | D        | Noticed a hungry ghost
   592 | D        | Killed a hungry ghost
   592 | D        | Reached skill level 10 in Polearms
   592 | D        | Reached XP level 7. HP: 58/58 MP: 7/10
   605 | D        | Reached ** piety under Okawaru
   616 | D        | Killed a troll
   616 | D        | Reached skill level 11 in Polearms
   616 | D        | Reached skill level 10 in Dodging
   616 | D        | Reached XP level 8. HP: 21/65 MP: 11/11
   902 | D        | Noticed Grum
   934 | D        | Killed Grum
   944 | D        | Reached *** piety under Okawaru
   944 | D        | Reached skill level 12 in Polearms
  1234 | D        | Noticed a black mamba
  1234 | D        | Noticed a komodo dragon
  1234 | D        | Noticed a komodo dragon
  1238 | D        | Noticed a komodo dragon
  1251 | D        | Killed a komodo dragon
  1269 | D        | Killed a komodo dragon
  1269 | D        | Reached skill level 13 in Polearms
  1269 | D        | Reached XP level 9. HP: 52/74 MP: 12/12
  1280 | D        | Killed a black mamba
  1280 | D        | Reached **** piety under Okawaru
  1280 | D        | Reached skill level 10 in Shields
  1298 | D        | Killed a komodo dragon
  1412 | D        | Noticed a komodo dragon
  1429 | D        | Killed a komodo dragon
  1429 | D        | Reached skill level 14 in Polearms
  1536 | D        | Noticed a spiny frog
  1536 | D        | Noticed a black mamba
  1536 | D        | Noticed a catoblepas
  1546 | D        | Noticed a black mamba
  2034 | D        | Killed a black mamba
  2034 | D        | Reached ***** piety under Okawaru
  2043 | D        | Killed a spiny frog
  2043 | D        | Reached XP level 10. HP: 78/82 MP: 13/13
  2342 | D        | HP: 4/82 [catoblepas (13)]
  2345 | D        | Mangled by a catoblepas

Vault maps used:
D:        linesprint

Skill      XL: |  1  2  3  4  5  6  7  8  9 |
---------------+----------------------------+-----
Dodging        | 2 3 4 5 7 8 10 11 13 | 13.4
Polearms       | 5 6 8 10 11 13 14 | 14.7
Fighting       | 4 5 6 7 8 |  8.9
Armour         | 3 4 5 6 7 8 |  8.7
Shields        | 4 5 6 7 8 9 11 | 11.1
Invocations    | 1 2 3 4 |  4.3

Action                   |  1- 3 |  4- 6 |  7- 9 | 10-12 || total
-------------------------+-------+-------+-------+-------++-------
Melee: Trident           |    74 |    31 |   240 |    13 ||   358
Invok: Heroism           |       |     2 |     6 |     1 ||     9
       Finesse           |       |       |       |     1 ||     1
Evoke: Wand              |       |     3 |       |       ||     3
  Use: Potion            |     4 |     2 |     1 |     1 ||     8
       Scroll            |       |     1 |     3 |       ||     4
 Stab: Petrified         |       |       |     1 |       ||     1
  Eat: Chunk             |       |       |     3 |       ||     3
       Bread ration      |       |       |     1 |       ||     1
Armor: Scale mail        |    28 |    10 |    23 |     7 ||    68
Dodge: Dodged            |    18 |     9 |    83 |     3 ||   113
Block: Shield            |    38 |    22 |    75 |     3 ||   138
